 Dungeon Crawl Stone Soup version 0.22-a0-374-g5dfd9e3 (webtiles) character file.

42384 iamserjio the Nimble (level 14, -10/92 HPs)
             Began as a Kobold Hunter on Apr 26, 2018.
             Was a High Priest of Okawaru.
             Mangled by an entropy weaver (11 damage)
             ... on level 5 of the Lair of Beasts.
             The game lasted 01:39:43 (21583 turns).

iamserjio the Nimble (Kobold Hunter)               Turns: 21583, Time: 01:39:43

Health: -10/92     AC: 10    Str: 16    XL:     14   Next: 55%
Magic:  10/21      EV: 25    Int: 12    God:    Okawaru [*****.]
Gold:   683        SH:  8    Dex: 17    Spells: 13/23 levels left

rFire    . . .     SeeInvis +   y - +0 falchion (flame)
rCold    + . .     Gourm    .   D - +2 buckler {AC+3}
rNeg     . . .     Faith    +   M - +0 acid dragon scales
rPois    .         Spirit   .   m - +2 helmet {SInv}
rElec    .         Reflect  .   U - +0 cloak
rCorr    +         Harm     .   i - +1 pair of gloves
MR       +....                  I - +0 pair of boots
Stlth    +++.......             W - amulet of faith
HPRegen  0.25/turn              r - ring of protection from cold
MPRegen  0.17/turn              n - +3 ring of strength

@: corroded
A: small, carnivore
a: Heroism, Finesse, Renounce Religion


You were on level 5 of the Lair of Beasts.
You worshipped Okawaru.
Okawaru was extremely pleased with you.
You were not hungry.

You visited 2 branches of the dungeon, and saw 16 of its levels.
You also visited: Volcano.

You collected 902 gold pieces.
You spent 219 gold pieces at shops.

Inventory:

Hand Weapons
 a - a +1 hand crossbow
 d - the +1 dagger of Hacytiperu {pierce, *Noise Str+3 Int-2 Dex+4 SInv}
   (You found it on level 2 of the Lair of Beasts)

   It inflicts extra damage upon your enemies.
   It affects your strength (+3).
   It affects your intelligence (-2).
   It affects your dexterity (+4).
   It lets you see invisible.
   It may make noises in combat.
 p - a +1 falchion of draining
 u - a +0 arbalest
 y - a +0 falchion of flaming (weapon)
 A - a +2 dagger of holy wrath
 L - a +4 long sword
Missiles
 j - 312 bolts
 O - 3 throwing nets (quivered)
Armour
 i - a +1 pair of gloves (worn)
 m - a +2 helmet of see invisible (worn)
 t - a scarf of resistance
 D - a +2 buckler of protection (worn)
 G - a +2 robe of resistance
 I - a +0 pair of boots (worn)
 K - a +0 ring mail of cold resistance
 M - +0 acid dragon scales (worn)
 U - a +0 cloak (worn)
Jewellery
 n - a +3 ring of strength (right hand)
 r - a ring of protection from cold (left hand)
 W - an amulet of faith (around neck)
 X - an uncursed ring of flight
Wands
 x - a wand of polymorph (7)
Scrolls
 e - 2 scrolls of magic mapping
 h - 4 scrolls of teleportation
 k - 3 scrolls of fog
 l - 4 scrolls of enchant weapon
 o - 3 scrolls of remove curse
 s - 4 scrolls of immolation {unknown}
 v - 2 scrolls of amnesia
 w - a scroll of random uselessness {unknown}
 z - 3 scrolls of identify
 N - 2 scrolls of vulnerability
 Y - a scroll of silence
Potions
 b - a potion of invisibility {unknown}
 c - a potion of ambrosia {unknown}
 g - a potion of curing
 q - 2 potions of resistance {unknown}
 B - 2 potions of brilliance {unknown}
 H - a potion of flight {unknown}
 J - a potion of might
 Q - a potion of degeneration {unknown}
 R - a potion of magic {unknown}
 T - 2 potions of mutation
 V - a potion of berserk rage {unknown}
Miscellaneous
 F - a lightning rod (3/4)
Comestibles
 f - 32 rations


   Skills:
 - Level 12.0 Fighting
 * Level 11.8 Crossbows
 - Level 6.0 Armour
 - Level 14.0 Dodging
 - Level 7.1 Stealth
 - Level 4.0 Shields
 - Level 5.0 Spellcasting
 - Level 6.0 Hexes
 - Level 6.0 Summonings
 - Level 6.0 Air Magic
 - Level 4.0 Invocations


You had 13 spell levels left.
You knew the following spells:

 Your Spells              Type           Power        Failure   Level  Hunger
a - Confuse               Hex            ###.....     8%          3    ###....
b - Tukima's Dance        Hex            ###.....     8%          3    ###....
c - Summon Lightning Spi  Summ/Air       ###.....     26%         4    ####...


Dungeon Overview and Level Annotations

Branches:
Dungeon (11/15)            Temple (0/1) D:6            Lair (5/6) D:8
  Swamp (0/4) Lair:4        Snake (0/4) Lair:3        Slime (0/5) Lair:5
    Orc: D:9-12

Altars:
Cheibriados
Hepliaklqana
Kikubaaqudgha
Makhleb
Okawaru
Ru
Vehumet
Xom
Yredelemnul
The Shining One

Shops:
D:5 (

Annotations:
Lair:5 exclusion: 4 oklob plants


Innate Abilities, Weirdness & Mutations

You are small and have problems with some larger weapons.
You are carnivorous and can eat meat at any time.


Message History

Evoke which item? (* to show all) (? for menu, Esc to quit)
Okay, then.
Unknown command.
Unknown command.
Unknown command.
Unknown command.
Unknown command.
Unknown command.
Evoke which item? (* to show all) (? for menu, Esc to quit)
Aiming: Thunderbolt
Press: ? - help, Shift-Dir - straight line, f - entropy weaver
Aim: an entropy weaver, wearing a robe (almost dead, fast)
The thunderbolt hits the entropy weaver.
The entropy weaver appears unharmed.
The entropy weaver is almost dead.
The entropy weaver casts a spell.
The entropic weave corrodes you! The entropy weaver hits you.
* * * LOW HITPOINT WARNING * * *
The entropy weaver hits you!
You die...

### #### ##.###..### ..
#.#.......# .## ###.......# .P#
#........# ..# #.......## .#
##.......## .# #.........## .#
##..@......## .## #...a.....#.#
..# #.........### ..# ##....>..##
.## ##P.......## ..# #P......<#.#
..### ######.......### ####
.#..#####..####†....b.#####..#
.P.##..#..#.P#...........#[#.####


You could see an entropy weaver.

Vanquished Creatures
  Gastronok (Lair:3)
  A dire elephant (Lair:3)
  Erolcha (D:9)
  5 hydras
  Nergalle (D:10)
  A salamander mystic (Volcano)
  The ghost of Galewind the Thaumaturge, a novice DEFE of Vehumet (D:8)
  A deep elf mage (D:10)
  A manticore (D:10)
  4 salamanders (Volcano)
  14 elephants (Lair:3)
  Maurice (D:9)
  Psyche (D:8)
  A gargoyle (D:10)
  2 black mambas
  8 spiny frogs
  A torpor snail (Lair:5)
  5 rime drakes
  3 komodo dragons
  A polar bear (Lair:4)
  Grinder (D:5)
  A hornet (D:8)
  12 blink frogs
  A slime creature (Lair:5)
  3 hippogriffs
  A spriggan (Lair:3)
  A wyvern (Lair:4)
  27 yaks
  Grum (D:9)
  A hungry ghost (D:9)
  9 steam dragons (Lair:2)
  11 soldier ants (Lair:5)
  A naga (Lair:3)
  An acid dragon (Lair:2)
  Edmund (D:4)
  11 water moccasins
  5 insubstantial wisps (Lair:4)
  12 porcupines
  Duvessa (D:5)
  2 orc warriors
  A hornet zombie (D:9)
  An ice beast (D:7)
  3 sky beasts
  4 phantoms
  17 wolves
  7 ogres
  11 crocodiles
  A centaur (D:7)
  A big kobold (D:9)
  14 bullfrogs
  Blork the orc (D:6)
  A wyvern zombie (D:9)
  Dowan (D:4)
  4 scorpions
  5 wights (D:7)
  2 howler monkeys
  3 crimson imps
  4 hounds
  8 jellies
  11 orc wizards
  2 orc priests (D:7)
  A bullfrog zombie (D:8)
  A bullfrog skeleton (D:10)
  3 iguanas
  6 worker ants
  2 hound zombies
  2 worker ant zombies
  Robin (D:3)
  10 adders
  8 gnolls
  A shadow imp (D:4)
  A white imp (D:7)
  3 oozes
  An adder skeleton (D:4)
  3 worms
  4 dart slugs
  7 leopard geckos
  42 orcs
  A ball python (D:1)
  4 bats
  5 giant cockroaches
  14 goblins
  9 hobgoblins
  17 jackals
  10 kobolds
  4 quokkas
  5 frilled lizards
  2 goblin zombies (D:7)
  A hobgoblin zombie (D:7)
  A kobold skeleton (D:7)
  An orc skeleton (D:7)
  An orc zombie (D:7)
  A quokka skeleton (D:6)
  A quokka zombie (D:7)
  7 rats
  4 butterflies
  A plant (Lair:2)
444 creatures vanquished.

Vanquished Creatures (collateral kills)
  A soldier ant (Lair:5)
  2 wolves (Lair:4)
3 creatures vanquished.

Vanquished Creatures (others)
  An orc (D:8)
  70 fungi
  36 plants
107 creatures vanquished.

Grand Total: 554 creatures vanquished

Notes
Turn   | Place    | Note
-------+----------+-------------------------------------------
     0 | D:1      | iamserjio the Kobold Hunter began the quest for the Orb.
     0 | D:1      | Reached XP level 1. HP: 12/12 MP: 1/1
    64 | D:1      | Reached skill level 5 in Crossbows
   104 | D:1      | Reached XP level 2. HP: 17/17 MP: 2/2
   223 | D:1      | Reached skill level 3 in Dodging
   226 | D:1      | Reached XP level 3. HP: 15/21 MP: 3/3
  1092 | D:2      | Reached XP level 4. HP: 8/26 MP: 4/4
  2077 | D:3      | Reached XP level 5. HP: 30/30 MP: 5/5
  2150 | D:3      | Noticed Robin
  2170 | D:3      | Killed Robin
  2179 | D:3      | Reached skill level 4 in Dodging
  2309 | D:3      | Found a sacrificial altar of Ru.
  2337 | D:3      | Found a shimmering altar of Xom.
  2358 | D:3      | Found an ancient bone altar of Kikubaaqudgha.
  2483 | D:3      | Found a basalt altar of Yredelemnul.
  2724 | D:3      | Reached XP level 6. HP: 10/35 MP: 6/6
  3420 | D:4      | Noticed a sky beast
  3441 | D:4      | Killed a sky beast
  3441 | D:4      | Reached skill level 5 in Dodging
  3441 | D:4      | Reached XP level 7. HP: 33/40 MP: 7/7
  3443 | D:4      | Noticed Edmund
  3452 | D:4      | Killed Edmund
  3452 | D:4      | Reached skill level 1 in Armour
  3741 | D:4      | Found an iron altar of Okawaru.
  3748 | D:4      | Became a worshipper of Warmaster Okawaru
  3813 | D:5      | Entered Level 5 of the Dungeon
  3853 | D:5      | Noticed Duvessa
  3858 | D:5      | Noticed Dowan
  3872 | D:5      | Killed Duvessa
  3872 | D:5      | Reached skill level 1 in Shields
  3872 | D:5      | Reached skill level 1 in Invocations
  3872 | D:5      | Reached XP level 8. HP: 32/44 MP: 7/9
  3906 | D:4      | Killed Dowan
  4461 | D:5      | Reached * piety under Okawaru
  4593 | D:5      | Noticed Grinder
  4622 | D:5      | Found Gubyref's Weapon Shop.
  4668 | D:5      | Bought a +1 falchion of draining for 161 gold pieces
  5010 | D:5      | Killed Grinder
  5350 | D:6      | Noticed Blork the orc
  5355 | D:6      | Killed Blork the orc
  5355 | D:6      | Reached ** piety under Okawaru
  5355 | D:6      | Reached XP level 9. HP: 49/49 MP: 8/11
  5608 | D:6      | Reached skill level 6 in Dodging
  5751 | D:6      | Found a staircase to the Ecumenical Temple.
  5862 | D:6      | Found a snail-covered altar of Cheibriados.
  6305 | D:7      | Found a hazy altar of Hepliaklqana.
  6638 | D:7      | Reached skill level 10 in Crossbows
  6686 | D:7      | Found a glowing golden altar of the Shining One.
  6822 | D:7      | Reached skill level 5 in Stealth
  7037 | D:7      | Reached XP level 10. HP: 51/56 MP: 13/13
  7341 | D:8      | Noticed Psyche
  7361 | D:8      | Killed Psyche
  7361 | D:8      | Reached *** piety under Okawaru
  7361 | D:8      | Reached skill level 7 in Dodging
  7422 | D:8      | Reached skill level 5 in Fighting
  7756 | D:8      | Noticed Galewind's ghost (novice DEFE)
  7784 | D:8      | Found a staircase to the Lair.
  7797 | D:8      | Reached skill level 8 in Dodging
  8163 | D:8      | Killed Galewind's ghost
  8163 | D:8      | Reached **** piety under Okawaru
  8982 | D:9      | Learned a level 3 spell: Confuse
  9041 | D:9      | Found a radiant altar of Vehumet.
  9042 | D:9      | Found a burning altar of Makhleb.
  9054 | D:9      | Reached skill level 5 in Armour
  9084 | D:9      | Noticed Maurice
  9114 | D:9      | Killed Maurice
  9114 | D:9      | Received a gift from Okawaru
  9114 | D:9      | Reached skill level 1 in Hexes
  9114 | D:9      | Reached XP level 11. HP: 60/66 MP: 14/14
  9371 | D:9      | Reached skill level 1 in Spellcasting
  9421 | D:9      | Reached skill level 9 in Dodging
  9527 | D:9      | Noticed Grum
  9545 | D:9      | Killed Grum
 10083 | D:9      | Noticed Erolcha
 10130 | D:9      | Killed Erolcha
 10545 | D:10     | Entered Level 10 of the Dungeon
 10939 | D:10     | Noticed Nergalle
 10953 | D:10     | Killed Nergalle
 11143 | D:10     | Noticed an eight-headed hydra
 11165 | D:10     | Noticed a deep elf mage
 11182 | D:10     | Killed a deep elf mage
 11283 | D:10     | Received a gift from Okawaru
 11336 | D:10     | Reached skill level 5 in Hexes
 11639 | D:10     | Noticed a manticore
 11667 | D:10     | Killed a manticore
 11828 | D:11     | Noticed a red ugly thing
 11921 | Lair:1   | Entered Level 1 of the Lair of Beasts
 12027 | Lair:1   | Reached skill level 10 in Dodging
 12119 | Lair:1   | Received a gift from Okawaru
 12120 | Lair:1   | Reached XP level 12. HP: 69/73 MP: 16/18
 12589 | Lair:1   | Learned a level 3 spell: Tukima's Dance
 12918 | Lair:1   | Reached ***** piety under Okawaru
 13401 | Lair:2   | Received a gift from Okawaru
 13401 | Lair:2   | Reached skill level 11 in Dodging
 13904 | Lair:3   | Received a gift from Okawaru
 13968 | Lair:3   | Found a dark tunnel.
 13976 | Volcano  | Entered a volcano
 13992 | Volcano  | Noticed a salamander mystic
 14016 | Volcano  | Killed a salamander mystic
 14021 | Volcano  | Found a radiant altar of Vehumet.
 14037 | Volcano  | Noticed a red draconian
 14131 | Volcano  | Received a gift from Okawaru
 14131 | Volcano  | Reached skill level 10 in Fighting
 14133 | Volcano  | Reached skill level 12 in Dodging
 14538 | Lair:3   | Found a staircase to the Snake Pit.
 14660 | Lair:2   | Received a gift from Okawaru
 14724 | Lair:2   | Reached XP level 13. HP: 54/83 MP: 19/19
 15080 | Lair:2   | Noticed a four-headed hydra
 15119 | Lair:2   | Killed a one-headed hydra
 15465 | Lair:2   | Reached skill level 13 in Dodging
 15489 | Lair:2   | Learned a level 4 spell: Summon Lightning Spire
 15512 | Lair:2   | Received a gift from Okawaru
 15812 | Lair:2   | Reached skill level 1 in Summonings
 15812 | Lair:2   | Reached skill level 1 in Air Magic
 16727 | Lair:2   | Noticed a six-headed hydra
 16767 | Lair:2   | Killed a four-headed hydra
 16767 | Lair:2   | Received a gift from Okawaru
 17059 | Lair:2   | Got an iridescent dagger
 17258 | Lair:2   | Identified the +1 dagger of Hacytiperu {pierce, *Noise Str+3 Int-2 Dex+4 SInv} (You found it on level 2 of the Lair of Beasts)
 17461 | Lair:3   | Reached skill level 5 in Spellcasting
 17813 | Lair:3   | Noticed Gastronok
 17832 | Lair:3   | Received a gift from Okawaru
 17881 | Lair:3   | Killed Gastronok
 17881 | Lair:3   | Received a gift from Okawaru
 17881 | Lair:3   | Received a gift from Okawaru
 18045 | Lair:3   | Noticed a dire elephant
 18275 | Lair:3   | Killed a dire elephant
 18563 | D:5      | Bought a +0 arbalest for 58 gold pieces
 18754 | Lair:3   | Received a gift from Okawaru
 18999 | Lair:3   | Noticed a five-headed hydra
 19014 | Lair:3   | Killed a one-headed hydra
 19014 | Lair:3   | Received a gift from Okawaru
 19263 | Lair:3   | Reached XP level 14. HP: 91/91 MP: 21/21
 19610 | Lair:4   | Reached skill level 5 in Summonings
 19613 | Lair:4   | Reached skill level 5 in Air Magic
 19628 | Lair:4   | Found a staircase to the Swamp.
 19864 | Lair:4   | Received a gift from Okawaru
 20014 | Lair:4   | Received a gift from Okawaru
 21074 | Lair:5   | Found a staircase to the Slime Pits.
 21360 | Lair:5   | Reached skill level 14 in Dodging
 21385 | Lair:5   | Noticed an entropy weaver
 21553 | Lair:5   | Noticed an entropy weaver
 21583 | Lair:5   | HP: 1/92 [entropy weaver (5)]
 21583 | Lair:5   | Mangled by an entropy weaver

Vault maps used:
D:1:      minmay_arrival_jagged
D:2:      first_ration
D:3:      lemuel_coloured_pillars_altar, minitemple, uniq_robin
D:4:      okawaru_ov_weapons_minmay, uniq_edmund
D:5:      serial_shops, shop, uniq_grinder, uniq_duvessa
D:6:      slow_altar_2, minmay_temple_entry_butterflies, uniq_blork_the_orc
D:7:      lemuel_round_altar, nicolae_tso_besieged_by_evil
D:8:      kennysheep_blocky_hall, grunt_lair_entry_orc_guard_hut,
          grunt_ogre_cave, uniq_psyche
D:9:      grunt_temple_overflow_lords_of_destruction, uniq_maurice, uniq_grum,
          uniq_erolcha
D:10:     uniq_nergalle
D:11:     orc_0_dummy, serial_bayou_pond_d
Lair:1:   beast_lair_carwin_5
Lair:2:   bobbens_dragon_lair_wall, grunt_megastairs_3, lemuel_fruit_fields
Lair:3:   mu_elephants_graveyard, guppyfry_snake_entry_garden,
          lightli_volcano_entry_magma_tube, columned_hall_lemuel, uniq_gastronok
Lair:4:   dpeg_oklob_shooting_range, minmay_swamp_entry_wisps, st_stairs_13
Lair:5:   minmay_slime_entry_pillars, zaba_antful_of_joy,
          minmay_lair_oklob_chamber, lemuel_fruit_fields
Volcano:  kennysheep_volcano_temple

Skill      XL: |  1  2  3  4  5  6  7  8  9 10 11 12 13 14 |
---------------+-------------------------------------------+-----
Crossbows      | 5 6 7 8 9 10 11 | 11.8
Dodging        | 3 4 5 6 8 10 12 13 14 | 14.0
Stealth        | 3 5 7 |  7.1
Armour         | 1 2 3 5 6 |  6.0
Shields        | 1 2 4 |  4.0
Invocations    | 1 3 4 |  4.0
Fighting       | 4 6 7 10 11 12 | 12.0
Hexes          | 1 5 6 |  6.0
Spellcasting   | 4 5 |  5.0
Summonings     | 4 6 |  6.0
Air Magic      | 4 6 |  6.0

Action                   |  1- 3 |  4- 6 |  7- 9 | 10-12 | 13-15 || total
-------------------------+-------+-------+-------+-------+-------++-------
Melee: Short sword       |    53 |       |       |       |       ||    53
       Spear             |       |    90 |       |       |       ||    90
       Flail             |       |       |   116 |    15 |       ||   131
       Falchion          |       |       |   261 |   704 |   217 ||  1182
       Long sword        |       |       |    38 |    71 |       ||   109
       Mace              |       |       |       |       |     6 ||     6
 Fire: Hand crossbow     |    51 |    84 |    11 |   138 |   651 ||   935
 Cast: Confuse           |       |       |       |     7 |    32 ||    39
       Summon Lightning  |       |       |       |       |     3 ||     3
Invok: Heroism           |       |       |    12 |    39 |    34 ||    85
       Finesse           |       |       |       |       |     2 ||     2
 Abil: Evoke Flight      |       |       |       |       |     1 ||     1
Evoke: Wand              |       |       |     4 |    24 |     3 ||    31
       Lightning rod     |       |       |       |       |     5 ||     5
  Use: Scroll            |       |     3 |     5 |    15 |     6 ||    29
       Potion            |       |       |     1 |     7 |     5 ||    13
 Stab: Sleeping          |       |       |     4 |    11 |       ||    15
       Distracted        |       |       |       |     1 |       ||     1
       Confused          |       |       |       |       |     3 ||     3
  Eat: Chunk             |     2 |    14 |    13 |    26 |    21 ||    76
Armor: Leather armour    |    11 |    24 |     1 |     1 |       ||    37
       Ring mail         |       |       |   132 |   137 |    54 ||   323
       Robe              |       |       |       |    58 |     6 ||    64
       Acid dragon scale |       |       |       |       |   111 ||   111
Dodge: Dodged            |    52 |    70 |   312 |   871 |   660 ||  1965
Block: Buckler           |       |       |   190 |   512 |   345 ||  1047
       Rpst.: Falchion   |       |       |    49 |   240 |    53 ||   342
       Long sword        |       |       |    14 |    20 |       ||    34

Table legend:
 A = Spawn XP
 B = Non-spawn XP
 C = Spawn XP percentage of total XP
 D = Spawn monster count
 E = Non-spawn monster count
 F = Spawn count percentage of total count
 G = Total turns spent on level
                    A         B        C        D         E        F      G
               +---------+---------+-------+---------+---------+-------+---------
         Total |       0 |   60549 |   0.0 |       0 |     442 |   0.0 | 21583
               +---------+---------+-------+---------+---------+-------+---------
           D:1 |       0 |      65 |   0.0 |       0 |      30 |   0.0 |   898
           D:2 |       0 |      73 |   0.0 |       0 |      20 |   0.0 |  1129
           D:3 |       0 |     148 |   0.0 |       0 |      34 |   0.0 |  1226
           D:4 |       0 |     593 |   0.0 |       0 |      18 |   0.0 |   805
           D:5 |       0 |    1027 |   0.0 |       0 |      24 |   0.0 |  1329
           D:6 |       0 |     583 |   0.0 |       0 |      21 |   0.0 |  1016
           D:7 |       0 |    1564 |   0.0 |       0 |      49 |   0.0 |  1358
           D:8 |       0 |    3080 |   0.0 |       0 |      25 |   0.0 |  1374
           D:9 |       0 |    2779 |   0.0 |       0 |      21 |   0.0 |  1643
          D:10 |       0 |    4447 |   0.0 |       0 |      28 |   0.0 |  1323
        Lair:1 |       0 |    4419 |   0.0 |       0 |      22 |   0.0 |  1461
        Lair:2 |       0 |   10702 |   0.0 |       0 |      48 |   0.0 |  3418
        Lair:3 |       0 |   13724 |   0.0 |       0 |      27 |   0.0 |  2353
        Lair:4 |       0 |    6167 |   0.0 |       0 |      31 |   0.0 |  1335
        Lair:5 |       0 |    8290 |   0.0 |       0 |      39 |   0.0 |   720
       Volcano |       0 |    2888 |   0.0 |       0 |       5 |   0.0 |   189
               +---------+---------+-------+---------+---------+-------+---------
